 Dungeon Crawl Stone Soup version 0.27-a0-124-g19cb506db8 (webtiles) character file.

Game seed: 7038778330061304658

1230 sahdkjhfkaj the Conjurer (level 8, 0/46 HPs)
             Began as a Deep Elf Ice Elementalist on Jan 25, 2021.
             Slain by a worker ant zombie (3 damage)
             ... on level 5 of the Dungeon.
             The game lasted 00:10:25 (5154 turns).

sahdkjhfkaj the Conjurer (DEIE)                     Turns: 5154, Time: 00:10:26

Health: 0/46       AC:  3    Str:  5    XL:     8   Next: 24%
Magic:  1/14       EV: 13    Int: 35    God:
Gold:   274        SH:  0    Dex: 15    Spells: 5/13 levels left

rFire    . . .     SeeInvis .   (no weapon)
rCold    . . .     Faith    .   (no shield)
rNeg     . . .     Spirit   .   a - +0 robe
rPois    .         Reflect  .   (no helmet)
rElec    .         Harm     .   i - +0 cloak
rCorr    .         Rampage  .   (no gloves)
Will     .....                  (no boots)
Stlth    ++........             (no amulet)
HPRegen  0.15/turn              j - +6 ring of intelligence
MPRegen  0.14/turn              n - +6 ring of intelligence

@: frozen ramparts
A: no striking features
a: no special abilities


You were on level 5 of the Dungeon.
You visited 1 branch of the dungeon, and saw 5 of its levels.

You collected 274 gold pieces.

Inventory:

Armour
 a - a +0 robe (worn)
 i - a +0 cloak (worn)
Jewellery
 j - a +6 ring of intelligence (left hand)
 m - an uncursed ring of protection from cold
 n - a +6 ring of intelligence (right hand)
 r - an uncursed ring of see invisible {unknown}
 u - a cursed -4 ring of dexterity {unknown}
Wands
 g - a wand of iceblast (6)
 x - a wand of flame (15)
Scrolls
 d - 2 scrolls of fog
 e - 3 scrolls of enchant armour
 f - 3 scrolls of identify
 h - 3 scrolls of remove curse
 l - 2 scrolls of magic mapping
 o - 5 scrolls of teleportation {unknown}
 y - a scroll of enchant weapon {unknown}
Potions
 b - 2 potions of resistance
 c - 2 potions of heal wounds
 k - a potion of berserk rage {unknown}
 p - a potion of curing {unknown}
 q - 2 potions of degeneration {unknown}
 s - a potion of might
 t - a potion of cancellation {unknown}
 v - 2 potions of haste {unknown}
 w - a potion of lignification {unknown}
 z - a potion of brilliance {unknown}
 A - 2 potions of flight {unknown}


   Skills:
 - Level 3.0 Fighting
 - Level 2.4 Dodging
 - Level 2.4 Stealth
 - Level 3.0 Spellcasting
 + Level 6.6 Conjurations
 + Level 6.6 Ice Magic
 - Level 5.0 Evocations


You had 5 spell levels left.
You knew the following spells:

 Your Spells              Type           Power        Failure   Level
a - Freeze                Ice            100%         1%          1
d - Hailstorm             Conj/Ice       51%          3%          4
C - Frozen Ramparts       Ice            100%         1%          3

Your spell library contained the following spells:

 Spells                   Type           Power        Failure   Level
 Ozocubu's Armour         Ice            51%          1%          3
 Summon Ice Beast         Ice/Summ       28%          13%         4


Dungeon Overview and Level Annotations

Branches:
Dungeon (5/15)
 Temple: D:4-7

Altars:
Uskayaw


Message History

Unknown command.
You hit the worker ant zombie.
The worker ant zombie is heavily damaged.
The worker ant zombie resists.
The wall freezes the worker ant zombie.
The worker ant zombie misses you.
You hit the worker ant zombie.
The worker ant zombie is severely damaged.
The worker ant zombie resists.
The wall freezes the worker ant zombie.
The worker ant zombie bites you.
* * * LOW HITPOINT WARNING * * *
You hit the worker ant zombie but do no damage.
The worker ant zombie is severely damaged.
The worker ant zombie resists.
The wall freezes the worker ant zombie.
The worker ant zombie bites you.
* * * LOW HITPOINT WARNING * * *
You hit the worker ant zombie but do no damage.
The worker ant zombie is severely damaged.
The worker ant zombie resists.
The wall freezes the worker ant zombie.
The worker ant zombie bites you.
You die...

###'### #.........#
#.......##. #.....#
#...!.....# #.......##.
#.>...# ##.........#
#...)...##. #.....#
#..........# #.......#..
#.....# #..........#
#.......#.. ###.###
#..........# #.......#..
#.#
#..........###.......#..
#.#
#######Z#####...........
#.# #.@...##...........
#.# #.....##.#######...
#.# #.....##.# #...
##'####### #.....##.#
#... #........#
#.....##.# #.#.
#........# #.....##.#
#.#. #........#
#.....##.# #.#.
###'#######
#.....##.#### ....#
#.....##....#


You could see a worker ant zombie.

Vanquished Creatures
  Sigmund (D:3)
  Eustachio (D:4)
  Menkaure (D:4)
  Edmund (D:4)
  An ogre (D:5)
  2 centaurs (D:5)
  A scorpion (D:5)
  A jelly (D:5)
  An orc priest (D:4)
  3 orc wizards (D:4)
  Natasha (thrice) (D:4)
  A worker ant (D:5)
  4 gnolls (D:3)
  4 adders
  An ooze (D:3)
  A worm (D:2)
  2 dart slugs
  3 leopard geckos
  5 orcs
  6 bats
  3 giant cockroaches
  9 goblins
  9 hobgoblins
  7 jackals (D:1)
  6 kobolds
  5 frilled lizards
  10 rats
92 creatures vanquished.

Notes
Turn   | Place    | Note
-------+----------+-------------------------------------------
     0 | D:1      | sahdkjhfkaj the Deep Elf Ice Elementalist began the quest
                  | for the Orb.
     0 | D:1      | Reached XP level 1. HP: 10/10 MP: 6/6
    56 | D:1      | Reached skill level 1 in Fighting
   291 | D:1      | Reached XP level 2. HP: 16/16 MP: 6/8
   615 | D:1      | Reached XP level 3. HP: 16/21 MP: 2/9
   621 | D:1      | Learned a level 3 spell: Frozen Ramparts
  1111 | D:2      | Reached skill level 1 in Evocations
  1901 | D:3      | Reached XP level 4. HP: 17/27 MP: 6/10
  2653 | D:3      | Noticed Sigmund
  2664 | D:3      | Killed Sigmund
  2665 | D:3      | Reached skill level 5 in Evocations
  2665 | D:3      | Reached XP level 5. HP: 16/32 MP: 3/11
  2665 | D:3      | Reached XP level 6. HP: 19/37 MP: 3/12
  3059 | D:3      | Learned a level 4 spell: Hailstorm
  3060 | D:4      | Noticed Edmund
  3066 | D:4      | Killed Edmund
  3334 | D:4      | Noticed Eustachio
  3351 | D:4      | Killed Eustachio
  3352 | D:4      | Reached XP level 7. HP: 37/41 MP: 5/13
  3483 | D:4      | Noticed Natasha
  3491 | D:4      | Killed Natasha
  3504 | D:4      | Noticed Natasha
  3510 | D:4      | Killed Natasha
  3517 | D:4      | Noticed Natasha
  3526 | D:4      | Killed Natasha
  3808 | D:4      | Reached skill level 5 in Ice Magic
  3931 | D:4      | Noticed Menkaure
  3937 | D:4      | Killed Menkaure
  3938 | D:4      | Reached skill level 5 in Conjurations
  4401 | D:5      | Entered Level 5 of the Dungeon
  4546 | D:5      | Found a hide-covered altar of Uskayaw.
  4569 | D:5      | Reached XP level 8. HP: 7/46 MP: 10/14
  5153 | D:5      | HP: 2/46 [worker ant zombie (6)]
  5154 | D:5      | Slain by a worker ant zombie

Illustrated notes

Levels and vault maps discovered:
D:1:      dpeg_arrival_boxorama, layout_rooms
D:2:      layout_rooms, minmay_misc_feat_columns
D:3:      layout_basic, uniq_sigmund
D:4:      layout_cave_pools, serial_column_ruins, column_ruins_open_medium,
          column_ruins_open_small, column_ruins_open_tiny,
          column_ruins_open_medium, column_ruins_grid_1, column_ruins_grid_1,
          uniq_edmund, uniq_natasha, uniq_eustachio, uniq_menkaure
D:5:      layout_basic, zin_statuary, kennysheep_little_box,
          eat_drink_and_be_merry_uskayaw

Skill      XL: |  1  2  3  4  5  6  7 |
---------------+----------------------+-----
Fighting       | 1 2 3 |  3.0
Evocations     | 2 5 |  5.0
Conjurations   | 4 6 |  6.6
Ice Magic      | 6 |  6.6
Dodging        | |  2.4
Stealth        | |  2.4
Spellcasting   | |  3.0

Action                   |  1- 3 |  4- 6 |  7- 9 || total
-------------------------+-------+-------+-------++-------
Melee: Unarmed           |    26 |     4 |     8 ||    38
 Cast: Freeze            |    69 |    40 |    54 ||   163
       Frozen Ramparts   |     1 |     4 |     4 ||     9
       Hailstorm         |       |       |     2 ||     2
Evoke: Wand              |       |       |     2 ||     2
  Use: Scroll            |     1 |     5 |       ||     6
       Potion            |       |       |     1 ||     1
 Stab: Sleeping          |     1 |       |       ||     1
Armor: Robe              |     6 |     6 |     4 ||    16
Dodge: Dodged            |    78 |    30 |    42 ||   150

Table legend: (Time is in decaauts)
 A = Elapsed time spent in this place.
 B = Non-inter-level travel time spent in this place.
 C = Inter-level travel time spent in this place.
 D = Time resting spent in this place.
 E = Time spent auto-exploring this place.
 F = Levels seen in this place.
 G = Mean time per level.
                   A        B        C        D        E       F      G
               +--------+--------+--------+--------+--------+-----+--------+
         Total |   5162 |   5099 |     63 |    406 |   3989 |   5 | 1032.4 |
       Dungeon |   5162 |   5099 |     63 |    406 |   3989 |   5 | 1032.4 |
               +--------+--------+--------+--------+--------+-----+--------+

Top non-repeatable levels by time:
     D:3: 1644 daAuts
     D:4: 1120 daAuts
     D:1: 866 daAuts
     D:2: 778 daAuts
     D:5: 752 daAuts
